 Dungeon Crawl Stone Soup version 0.27.0-1-g7a089689b8 (webtiles) character file.

Game seed: 17435929040432559823

5 thirtiethelement the Skirmisher (level 1, -1/18 HPs)
             Began as a Demonspawn Abyssal Knight on Aug 11, 2021.
             Was a Follower of Lugonu.
             Slain by a demonic crawler (8 damage)
             ... on level 1 of the Abyss.
             The game lasted 00:00:21 (133 turns).

thirtiethelement the Skirmisher (DsAK)               Turns: 133, Time: 00:00:21

Health: -1/18      AC:  3    Str: 12    XL:     1   Next: 66%
Magic:  2/2        EV: 11    Int: 13    God:    Lugonu [*.....]
Gold:   0          SH:  0    Dex: 12    Spells: 0/0 levels left

rFire    . . .     SeeInvis .   a - +1 falchion
rCold    . . .     Faith    .   (no shield)
rNeg     . . .     Spirit   .   b - +0 leather armour
rPois    .         Reflect  .   (no helmet)
rElec    .         Harm     .   (no cloak)
rCorr    .         Rampage  .   (no gloves)
Will     .....                  (no boots)
Stlth    +.........             (no amulet)
HPRegen  0.06/turn              (no ring)
MPRegen  0.08/turn              (no ring)

@: no status effects
A: no striking features
a: Renounce Religion, Depart the Abyss


You were on level 1 of the Abyss.
You worshipped Lugonu.
Lugonu was aware of your devotion.
You visited 0 branches of the dungeon, and saw 0 of its levels.
You visited the Abyss 1 time.

Inventory:

Hand Weapons
 a - a +1 falchion (weapon)
Armour
 b - a +0 leather armour (worn)


   Skills:
 + Level 3.2 Fighting
 + Level 1.8 Long Blades
 + Level 1.8 Armour
 + Level 0.8 Dodging
 + Level 2.5 Invocations


You couldn't memorise any spells.
You didn't know any spells.
Your spell library was empty.

Dungeon Overview and Level Annotations

Branches:
Dungeon (0/15)

Altars:


Message History

Welcome, thirtiethelement the Demonspawn Abyssal Knight.
It is said that the Orb of Zot exists deep within this dungeon.
Lugonu says: Depart the Abyss and spread corruption, my servant! (use the ability menu to exit the Abyss) Press ? for a list of commands and other information.
Found a scroll labelled GIDAHU ZUURR.
Found a corrupted altar of Lugonu.
c - a scroll labelled GIDAHU ZUURR
Found a spear.
Unknown command.
An ufetubus comes into view.
The ufetubus shouts!
The ufetubus closely misses you. The ufetubus barely misses you.
You barely miss the ufetubus. The ufetubus barely misses you. x2
The ufetubus hits you. The ufetubus closely misses you.
You closely miss the ufetubus. The ufetubus hits you.
The ufetubus barely misses you.
The ufetubus hits you but does no damage.
The ufetubus barely misses you.
You closely miss the ufetubus. The ufetubus hits you.
The ufetubus barely misses you.
You hit the ufetubus.
The ufetubus is moderately wounded.
The ufetubus barely misses you.
You riposte.
You miss the ufetubus.
The ufetubus is moderately wounded.
The ufetubus barely misses you. The ufetubus hits you.
The ufetubus hits you but does no damage.
You closely miss the ufetubus.
The ufetubus is moderately wounded.
The ufetubus closely misses you. The ufetubus hits you.
The ufetubus closely misses you.
You riposte.
You hit the ufetubus.
You kill the ufetubus!
A demonic crawler comes into view.
The demonic crawler gives a hideous shriek!
A small abomination comes into view.
The demonic crawler misses you. The demonic crawler closely misses you.
The demonic crawler hits you.
As you read the scroll labelled GIDAHU ZUURR, it crumbles to dust.
Wisps of shadow whirl around you...
It was a scroll of summoning.
The demonic crawler closely misses you. The demonic crawler hits you!
You die...

#.# ###.. # ...##
#. ..## .....# #
#.## . .##..# ...
....
.##....#....# #
#..# .#..#...#. .
...#.44##.#..####
#..x..#@#.##..#.
#.x.s#.##...#
##35#....#.#
#..####.....#
...## #...#.## ##
#..#...# #.#..# #
#. #.# ##.. .#


You could see a demonic crawler (ally target), a small abomination, a friendly
sun demon (summoned), 2 friendly orange demons and a friendly iron imp
(summoned).

Vanquished Creatures
  An ufetubus (Abyss:1)
1 creature vanquished.

Notes
Turn   | Place    | Note
-------+----------+-------------------------------------------
     0 | Abyss:1  | thirtiethelement the Demonspawn Abyssal Knight began the
                  | quest for the Orb.
     0 | Abyss:1  | Reached XP level 1. HP: 18/18 MP: 2/2
   122 | Abyss:1  | Noticed a demonic crawler
   130 | Abyss:1  | Noticed a small abomination
   133 | Abyss:1  | Slain by a demonic crawler

Illustrated notes

Levels and vault maps discovered:
Abyss:1:  base: Temple, base:
Temple

Action                   || total
-------------------------++-------
Melee: Falchion          ||     5
  Use: Scroll            ||     1
Armor: Leather armour    ||     2
Dodge: Dodged            ||    15
       Rpst.: Falchion   ||     2
